 Dungeon Crawl Stone Soup version 0.32-a0-450-g080537f31e (webtiles) character file.

Game seed: 2303584459342235290

15 ryw the Trooper (level 2, 24/24 HPs)
             Began as a Demonspawn Monk on Feb 23, 2024.
             Quit the game on level 1 of the Dungeon.
             The game lasted 00:00:50 (301 turns).

ryw the Trooper (Demonspawn Monk)                    Turns: 301, Time: 00:00:51

Health: 24/24      AC:  2    Str: 11    XL:     2   Next: 34%
Magic:  2/2        EV: 13    Int: 10    God:
Gold:   16         SH:  0    Dex: 15    Spells: 1/1 levels left

rFire   . .          .
                       - Unarmed
rCold   . . .        c - orb {light}
rNeg    . . .        a - +0 robe
rPois   .            (no helmet)
rElec   .            (no cloak)
rCorr   .            (no gloves)
SInv    .            (no boots)
Will    .....        (no amulet)
Stlth   +            (no ring)
HPRegen 0.24/turn    (no ring)
MPRegen 0.08/turn

%: no passive effects
@: glowing
A: demonic touch 1
a: no special abilities


You were on level 1 of the Dungeon.
You visited 1 branch of the dungeon, and saw 1 of its levels.

You collected 16 gold pieces.

Inventory:

Armour
 a - a +0 robe (worn)
 c - an orb of light (worn)
Scrolls
 b - a scroll of identify {unknown}
 d - a scroll of revelation {unknown}
 e - a scroll of summoning {unknown}
 f - a scroll of torment {unknown}


   Skills:
 + Level 3.4 Fighting
 + Level 3.1 Dodging
 - Level 2.6 Unarmed Combat


You had one spell level left.
You didn't know any spells.
Your spell library was empty.

Dungeon Overview and Level Annotations

Branches:
Dungeon (1/15)

Altars:


Innate Abilities, Weirdness & Mutations

Your touch may inflict minor irresistible damage on your foes.


Message History

The giant cockroach bites you.
You hit the giant cockroach.
The giant cockroach is heavily wounded.
The giant cockroach bites you.
You hit the giant cockroach but do no damage.
The giant cockroach is heavily wounded.
The giant cockroach closely misses you.
You hit the giant cockroach but do no damage.
The giant cockroach is heavily wounded.
The giant cockroach bites you.
You barely miss the giant cockroach.
The giant cockroach is heavily wounded.
The giant cockroach bites you.
You hit the giant cockroach.
You kill the giant cockroach!
No target in view!
No target in view!
A quokka comes into view.
Found a scroll labelled ZUPTOSHR CILYO.
The quokka closely misses you.
You hit the quokka.
The quokka is severely wounded.
The quokka bites you.
You completely miss the quokka.
The quokka is heavily wounded.
The quokka bites you.
You hit the quokka.
You kill the quokka!
No target in view!
No target in view!
e - a scroll labelled JAHEH ATUYSI
f - a scroll labelled ZUPTOSHR CILYO You now have 9 gold pieces (gained 6).
You now have 16 gold pieces (gained 7).
Found an escape hatch in the floor.
Found a ring mail.
Saving game... please wait.
Welcome back, ryw the Demonspawn Monk.
Press ? for a list of commands and other information.
Are you sure you want to abandon this character and quit the game? (Confirm with "yes".)

#.##.........# #### ##.
#.##.........#..........
##
#.......................
####....................
#....................
##...................
#...###.............
#......##...........
#......##...@.......
#......##......+#...
#..............+
#..............>..
#..................
.....................[
#######......#....#...
....#####....#... #.##.#
....#


There were no monsters in sight!

Vanquished Creatures
  A dart slug (D:1)
  An endoplasm (D:1)
  A giant cockroach (D:1)
  A goblin (D:1)
  3 hobgoblins (D:1)
  A kobold (D:1)
  A quokka (D:1)
  A bat (D:1)
  A frilled lizard (D:1)
11 creatures vanquished.

Notes
Turn   | Place    | Note
-------+----------+-------------------------------------------
     0 | D:1      | ryw the Demonspawn Monk began the quest for the Orb.
     0 | D:1      | Reached XP level 1. HP: 18/18 MP: 1/1
   111 | D:1      | Gained mutation: Your touch may inflict minor irresistible
                  | damage on your foes. [demonic ancestry]
   111 | D:1      | Reached XP level 2. HP: 20/24 MP: 2/2
   301 | D:1      | Quit the game

Illustrated notes

Levels and vault maps discovered:
D:1:      nzn_arrival_crosshair, layout_basic, serial_glass, glass_columns_b,
          glass_columns_a

Skill      XL: |  1 |
---------------+----+-----
Dodging        | 3 |  3.1
Fighting       | |  3.4
Unarmed Combat | |  2.6

Action                     || total
---------------------------++-------
  Melee: Unarmed           ||    40
    Use: Potion            ||     1
 Armour: Robe              ||    30
  Dodge: Dodged            ||    26

Table legend: (Time is in decaauts)
 A = Elapsed time spent in this place.
 B = Non-inter-level travel time spent in this place.
 C = Inter-level travel time spent in this place.
 D = Time resting spent in this place.
 E = Time spent auto-exploring this place.
 F = Levels seen in this place.
 G = Mean time per level.
                   A        B        C        D        E       F      G
               +--------+--------+--------+--------+--------+-----+--------+
         Total |    298 |    298 |      0 |      0 |    205 |   1 |  298.0 |
       Dungeon |    298 |    298 |      0 |      0 |    205 |   1 |  298.0 |
               +--------+--------+--------+--------+--------+-----+--------+

Top non-repeatable levels by time:
     D:1: 298 daAuts
